AoeStats
← alexmavrovic

Arena

507712327Analyzed
3v3 RM · 14d ago on Sep 19, 2026· 27m 29s· 6 players
Game mode
Random Map
Map size
Normal (6 player)
Population
200
Speed
Normal
Resources
Standard
Victory
Conquest
Starting age
Dark Age
Ending age
Imperial Age
RankedLock teamsTeams togetherTeam positionsShared explorationLock speedFull tech treeHidden civsTurbo modeCheats
Victory
Defeat
🇫🇷 Cumans · France
1361
+9
🇫🇷 Britons · France
1095
+20
🇫🇷 Spanish · France
995
+23
🇨🇦 Celts · Canada
1186
-18
🇮🇹 Vietnamese · Italy
1177
-17
🇨🇳 Poles · China
1174
-17
kiara.g
11:00 Feudal Age
15:09 Castle Age
14:44 Double-Bit Axe
16:08 Gold Mining
16:07 Horse Collar
17:10 Loom
18:39 Fletching
20:38 Heavy Plow
Balgrudor
8:52 Feudal Age
9:43 Double-Bit Axe
9:39 Horse Collar
15:02 Wheelbarrow
17:12 Gold Mining
20:36 Castle Age
18:47 Loom
19:09 Scale Barding Armor
19:15 Forging
19:42 Bloodlines
20:14 Town Watch
21:57 Chain Barding Armor
22:58 Bow Saw
24:50 Hand Cart
25:21 Iron Casting
FPS Pyrro
11:37 Feudal Age
16:05 Castle Age
14:28 Double-Bit Axe
15:02 Horse Collar
15:16 Gold Mining
15:37 Stone Mining
18:45 Wheelbarrow
19:41 Fletching
19:54 Padded Archer Armor
20:58 Bow Saw
21:27 Crossbowman
alexmavrovic
10:45 Feudal Age
10:54 Loom
15:28 Castle Age
24:16 Fletching
24:38 Murder Holes
bindella
8:06 Loom
10:29 Feudal Age
15:47 Castle Age
14:03 Double-Bit Axe
14:33 Stone Mining
14:33 Town Watch
14:43 Horse Collar
16:48 Bow Saw
17:50 Fletching
18:50 Gold Mining
23:03 Bodkin Arrow
25:45 Imperial Age
23:30 Stone Mining
25:47 Bodkin Arrow
26:18 Heavy Plow
27:02 Scale Mail Armor
两个小妹妹种田
11:44 Feudal Age
13:16 Double-Bit Axe
13:18 Horse Collar
16:53 Castle Age
14:50 Gold Mining
17:55 Bow Saw
18:45 Wheelbarrow
20:13 Bloodlines
20:48 Town Watch
21:31 Stone Mining
22:49 Heavy Plow
28:54 Imperial Age
26:26 Fletching
26:37 Padded Archer Armor
Connection lost

Rejoining the realm…

Still unreachable

The connection could not be restored.

Session expired

The server has moved on; the page needs a fresh start.